 Dungeon Crawl Stone Soup version 0.21.1-1-g345015f (webtiles) character file.

108 inc the Ducker (level 4, 21/21 HPs)
             Began as a Felid Chaos Knight on Feb 23, 2018.
             Quit the game on level 4 of the Dungeon.
             The game lasted 00:04:41 (1906 turns).

inc the Ducker (Felid Chaos Knight)                 Turns: 1906, Time: 00:04:41

Health: 21/21      AC:  1    Str:  8    XL:     4   Next: 58%
Magic:  5/5        EV: 23    Int: 15    God:    Xom [..*...]
Gold:   72         SH:  0    Dex: 15    Spells: 3/3 levels left
                                        Lives:  0   Deaths: 1

rFire    . . .     SeeInvis +     - Unarmed
rCold    . . .     Gourm    .   (shield unavailable)
rNeg     . . .     Faith    .   (armour unavailable)
rPois    .         Spirit   .   (helmet unavailable)
rElec    .         Reflect  .   (cloak unavailable)
rCorr    .         Harm     .   (gloves unavailable)
MR       .....                  (boots unavailable)
Stlth    ++........             (no amulet)
HPRegen  0.07/turn              (no ring)
MPRegen  0.09/turn              (no ring)

@: quick
A: very small, no armour, no weapons or thrown items, stealth, claws 1, fangs 3,
see invisible, carnivore, speed 1, shaggy fur 1, slow metabolism 1, sharp paws
a: Renounce Religion


You were on level 4 of the Dungeon.
You worshipped Xom.
You were a toy of Xom.
You were not hungry.

You visited 1 branch of the dungeon, and saw 4 of its levels.

You collected 72 gold pieces.

Inventory:

Jewellery
 d - an uncursed ring of ice {unknown}
Wands
 b - a wand of polymorph (13)
Scrolls
 c - a scroll of magic mapping {unknown}
Potions
 g - a potion of might
Comestibles
 a - 7 rations


   Skills:
 - Level 3.0 Fighting
 - Level 7.8 Dodging
 + Level 3.3 Unarmed Combat


You had 3 spell levels left.
You didn't know any spells.

Dungeon Overview and Level Annotations

Branches:
Dungeon (3/15)

Altars:

Annotations:
D:2 Sigmund


Innate Abilities, Weirdness & Mutations

You cannot wear armour.
You are incapable of wielding weapons or throwing items.
Your paws allow you to move quietly. (Stealth)
You have sharp claws.
You have razor-sharp teeth.
You have supernaturally acute eyesight. (SInv)
You are carnivorous and can eat meat at any time.
You cover ground quickly.
You are covered in fur. (AC +1)
You have a slow metabolism.
Your sharp claws are effective at attacking unaware monsters.


Message History

* * * LOW HITPOINT WARNING * * *
You feel sick.
* * * LOW HITPOINT WARNING * * *
You feel sick.
* * * LOW HITPOINT WARNING * * *
You feel sick.
* * * LOW HITPOINT WARNING * * *
You feel sick.
* * * LOW HITPOINT WARNING * * *
You feel sick.
* * * LOW HITPOINT WARNING * * *
You feel sick.
You die...
Xom guffaws!
You feel sick.
You are now level 4!
Xom thinks this is hilarious!
You rejoin the land of the living...
Found a dagger, 18 sling bullets and a lead wand.
Are you sure you want to abandon this character and quit the game? (Confirm with "yes".)

#.#..
#.#.##
.....
#.#/#####
.........
#...(.#
#.....###
#@..)....
#......##
#......#
#......#
#......#
#......#
#......#
#......#
#.# #


There were no monsters in sight!

Vanquished Creatures
  An ogre (D:4)
  Jessica (D:2)
  A worker ant (D:4)
  2 adders (D:3)
  A worm (D:4)
  2 dart slugs
  3 leopard geckos
  An orc (D:3)
  3 bats
  3 giant cockroaches
  5 goblins
  6 hobgoblins
  4 jackals (D:3)
  4 quokkas
  3 frilled lizards
  8 kobolds
  6 rats
54 creatures vanquished.

Notes
Turn   | Place    | Note
-------+----------+-------------------------------------------
     0 | D:1      | inc the Felid Chaos Knight began the quest for the Orb.
     0 | D:1      | Reached XP level 1. HP: 10/10 MP: 2/2
   147 | D:1      | Reached skill level 4 in Dodging
   148 | D:1      | Reached XP level 2. HP: 14/14 MP: 3/3
   488 | D:2      | XOM: divination: magic mapping
   741 | D:2      | XOM: silly message
   751 | D:2      | Reached skill level 5 in Dodging
   786 | D:2      | XOM is BORED!
   786 | D:2      | XOM: harmless Hex miscast
   792 | D:2      | Reached XP level 3. HP: 12/17 MP: 4/4
   810 | D:2      | XOM: divination: detect items
   912 | D:2      | Noticed Sigmund
  1044 | D:2      | Noticed Jessica
  1049 | D:2      | Killed Jessica
  1091 | D:3      | Reached skill level 6 in Dodging
  1159 | D:3      | XOM is BORED!
  1159 | D:3      | XOM: harmless Chrm miscast
  1241 | D:3      | Reached XP level 4. HP: 12/21 MP: 5/5
  1559 | D:3      | You fall through a shaft!
  1562 | D:4      | XOM: butterfly on damage
  1603 | D:4      | XOM: medium Ice miscast
  1681 | D:4      | XOM: harmless Pois miscast
  1854 | D:4      | Noticed an ogre
  1870 | D:4      | Killed an ogre
  1870 | D:4      | Reached skill level 7 in Dodging
  1870 | D:4      | Reached XP level 5. HP: 24/24 MP: 6/6
  1877 | D:4      | XOM: harmless Tloc miscast
  1904 | D:4      | HP: 1/24 [poisoned by a worker ant]
  1905 | D:4      | Succumbed to a worker ant's poison
  1906 | D:4      | Reached XP level 4. HP: 0/21 MP: 5/5
  1906 | D:4      | Quit the game

Skill      XL: |  1  2  3  4 |
---------------+-------------+-----
Dodging        | 4 5 6 7 |  7.8
Fighting       | |  3.0
Unarmed Combat | |  3.3

Action                   |  1- 3 |  4- 6 || total
-------------------------+-------+-------++-------
Melee: Unarmed           |   115 |    90 ||   205
       Bite              |     7 |    12 ||    19
       Punch             |     2 |     3 ||     5
  Use: Potion            |     1 |     3 ||     4
 Stab: Sleeping          |     3 |     1 ||     4
  Eat: Chunk             |     2 |     2 ||     4
Armor: Skin              |     5 |     2 ||     7
Dodge: Dodged            |    89 |    75 ||   164
